Saguenéens vs National
Created - 11 avril 2013 at 22:31
Goals
|
| Saguenéens |
1 |
1 |
0 |
2 |
| National |
0 |
0 |
4 |
4 |
|
Shots
|
| Saguenéens |
10 |
14 |
12 |
36 |
| National |
4 |
5 |
10 |
19 |
|
1st period
1. Saguenéens , Brad Chartrand 18 (Dean McAmmond, Derek Joslin) at 17:57
Penalties :
Michal Grosek (Chi) for Cross-checking (Minor) at 0:47, Dustin Kohn (Que) for Hooking (Minor) at 7:17
2nd period
2. Saguenéens , Dean McAmmond 28 (Brad Chartrand, Michal Grosek) at 19:12 (PP)
Penalties :
Ben Maxwell (Que) for Tripping (Minor) at 1:44, Pasi Salonen (Que) for Hooking (Minor) at 18:58
3rd period
3. National , Guillaume Desbiens 29 (Dustin Kohn, Rico Fata) at 0:38
4. National , Jan Hejda 5 (James Marcou) at 11:48
5. National , Rico Fata 31 (Jan Hejda, Pasi Salonen) at 12:07
6. National , Jan Hejda 6 (Pasi Salonen, Ben Maxwell) at 19:12 (Empty Net)
Penalties :
James Marcou (Que) for Goalie Interference (Minor) at 3:40, Philip DeSimone (Que) for Holding (Minor) at 11:55, Brendan Witt (Chi) for Charging (Minor) at 11:55, Wayne Simmonds (Chi) for Goalie Interference (Minor) at 19:27
Goalie Stats
Thomas Greiss (Chi), 15 saves from 18 shots - (0,833), L, 18-15-4, 59:48 minutes
Steve Shields (Que), 34 saves from 36 shots - (0,944), W, 16-22-6, 60:00 minutes
Players Stats for Saguenéens
Player Name G A P +/- PIM S H SB GA TA FO MP PP MP PK MP
------------------------------------------------------------------------------------
Andreas Engqvist 0 0 0 0 0 0 0 0 0 0 0/0 0:00 0:00 0:00
Andrew Kozek 0 0 0 -1 0 1 0 0 0 0 0/0 10:44 0:07 0:23
Billy Sweat 0 0 0 0 0 0 0 0 0 0 0/0 0:00 0:00 0:00
Brad Chartrand 1 1 2 0 0 6 1 2 1 0 0/1 20:57 3:17 0:39
Brandon Yip 0 0 0 -2 0 2 5 0 0 0 0/0 17:30 2:42 0:39
Brendan Witt 0 0 0 -3 2 3 3 0 0 0 0/0 26:37 3:31 1:44
David McIntyre 0 0 0 0 0 0 0 0 0 0 0/0 0:00 0:00 0:00
Dean McAmmond 1 1 2 -1 0 1 2 0 0 2 18/31 22:23 3:17 1:29
Denis Bodrov 0 0 0 0 0 0 0 0 0 0 0/0 12:01 0:00 0:00
Derek Joslin 0 1 1 1 0 2 2 3 0 1 0/0 20:26 2:40 0:47
Dwight King 0 0 0 0 0 5 1 1 0 1 0/0 9:33 0:00 0:00
Henrik Tallinder 0 0 0 1 0 0 0 3 1 0 0/0 19:38 2:40 0:47
Ian Cole 0 0 0 -1 0 0 0 2 0 0 0/0 12:59 0:00 0:00
Jim Slater 0 0 0 0 0 1 1 1 0 0 3/9 12:44 0:44 0:27
Johannes Salmonsson 0 0 0 0 0 1 0 1 0 0 0/0 4:46 0:53 0:00
Kyle Brodziak 0 0 0 -2 0 0 3 1 1 0 3/5 16:29 2:42 0:00
Michal Grosek 0 1 1 -1 2 5 2 0 1 0 1/3 21:09 3:17 0:32
Mike Santorelli 0 0 0 0 0 1 3 1 0 0 1/3 9:33 0:00 0:00
Mike Van Ryn 0 0 0 -3 0 1 1 2 2 1 0/0 24:48 3:31 1:44
Pat Dwyer 0 0 0 0 0 5 2 0 1 0 2/2 12:39 0:05 0:53
Tomas Kudelka 0 0 0 -1 0 0 1 0 0 0 0/0 3:49 0:00 0:00
Wayne Simmonds 0 0 0 -1 2 2 2 2 0 0 0/0 16:42 1:29 0:00
Zack Stortini 0 0 0 0 0 0 0 0 0 0 0/0 0:00 0:00 0:00
Players Stats for National
Player Name G A P +/- PIM S H SB GA TA FO MP PP MP PK MP
------------------------------------------------------------------------------------
Alex Grant 0 0 0 0 0 0 0 0 0 0 0/0 0:00 0:00 0:00
Ben Maxwell 0 1 1 1 2 1 1 0 1 1 10/26 18:59 2:19 0:00
Daniel Rahimi 0 0 0 1 0 0 0 0 0 0 0/0 5:47 0:00 0:21
Dustin Kohn 0 1 1 0 2 1 1 1 1 0 0/1 17:59 1:02 1:52
Erik Gustafsson 0 0 0 0 0 0 0 0 1 0 0/0 13:17 0:00 0:31
Guillaume Desbiens 1 0 1 0 0 2 3 1 1 0 0/0 18:48 0:12 1:39
Igor Makarov 0 0 0 0 0 0 0 0 0 0 1/1 13:34 0:00 0:00
James Marcou 0 1 1 1 2 0 0 0 0 1 0/0 6:08 0:00 0:00
Jan Hejda 2 1 3 3 0 2 0 3 0 1 0/0 24:49 1:29 3:27
Jonathan Cheechoo 0 0 0 1 0 1 1 0 0 0 1/2 21:13 2:19 1:39
Maksim Mayorov 0 0 0 0 0 0 4 0 0 0 0/0 14:28 0:00 0:57
Mathieu Carle 0 0 0 0 0 3 0 2 0 1 0/0 17:55 1:02 2:44
Pasi Salonen 0 2 2 2 2 2 2 1 1 2 6/7 23:48 2:19 3:06
Peter Leblanc 0 0 0 0 0 1 0 0 0 0 2/4 14:31 0:00 1:39
Philip DeSimone 0 0 0 0 2 1 0 0 0 0 6/13 16:11 0:12 0:00
Rico Fata 1 1 2 1 0 4 0 3 0 0 0/0 21:21 0:12 3:22
Ty Wishart 0 0 0 0 0 0 1 0 0 0 0/0 12:46 0:00 0:00
William Colbert 0 0 0 3 0 1 2 1 0 1 0/0 24:45 1:29 3:27
Yuri Alexandrov 0 0 0 1 0 0 0 0 0 0 0/0 5:26 0:00 0:00
3 Stars
1 - Jan Hejda (Que)
2 - Rico Fata (Que)
3 - Brad Chartrand (Chi)
Power Play
Saguenéens - 1 on 4 Attempt(s) - 25,00%
National - 0 on 2 Attempt(s) - 0,00%
Penalty Kill
Saguenéens - 2 on 2 Attempt(s) - 100,00%
- Score 0 goal in Penalty Kill
National - 3 on 4 Attempt(s) - 75,00%
- Score 0 goal in Penalty Kill
Official
Referees : Walkom Stephen and Dwyer Gord
Linesman : Mark Shewchyk and Darren Gibbs
Game Notes
Johannes Salmonsson is injured at 18:28 of 1st period (Right Leg)
3:53 of 3rd period - Saguenéens goal is going for a video replay. After video review, No Goal. The attacking player has interfered with a goalkeeper in his goal crease.
Jan Hejda has scored in a empty net!
Saguenéens
5 vs 5 Forward
Center Left Wing Right Wing Time % Phy DF OF
1 Dean McAmmond Michal Grosek Brad Chartrand 40 1 2 2
2 Kyle Brodziak Johannes Salmonsson Brandon Yip 30 1 2 2
3 Jim Slater Andrew Kozek Wayne Simmonds 20 1 2 2
4 Mike Santorelli Dwight King Pat Dwyer 10 1 2 2
5 vs 5 Defense
Defense Defense Time % Phy DF OF
1 Brendan Witt Mike Van Ryn 40 1 2 2
2 Henrik Tallinder Derek Joslin 30 1 2 2
3 Ian Cole Denis Bodrov 20 1 2 2
4 Tomas Kudelka Brendan Witt 10 1 2 2
PowerPlay Forward
Center Left Wing Right Wing Time % Phy DF OF
1 Dean McAmmond Michal Grosek Brad Chartrand 60 1 2 2
2 Kyle Brodziak Johannes Salmonsson Brandon Yip 40 1 2 2
PowerPlay Defense
Defense Defense Time % Phy DF OF
1 Brendan Witt Mike Van Ryn 60 1 2 2
2 Henrik Tallinder Derek Joslin 40 1 2 2
Penalty Kill 4 Players Forward
Center Wing Time % Phy DF OF
1 Michal Grosek Dean McAmmond 60 1 2 2
2 Brad Chartrand Brandon Yip 40 1 2 2
Penalty Kill 4 Players Defense
Defense Defense Time % Phy DF OF
1 Brendan Witt Mike Van Ryn 60 1 2 2
2 Henrik Tallinder Derek Joslin 40 1 2 2
Penalty Kill - 3 Players Forward
Forward Time % Phy DF OF
1 Michal Grosek 60 1 2 2
2 Dean McAmmond 40 1 2 2
Penalty Kill - 3 Players Defense
Defense Defense Time % Phy DF OF
1 Brendan Witt Mike Van Ryn 60 1 2 2
2 Henrik Tallinder Derek Joslin 40 1 2 2
4 vs 4 Forward
Center Wing Time % Phy DF OF
1 Michal Grosek Dean McAmmond 60 1 2 2
2 Brad Chartrand Brandon Yip 40 1 2 2
4 vs 4 Defense
Defense Defense Time % Phy DF OF
1 Brendan Witt Mike Van Ryn 60 1 2 2
2 Henrik Tallinder Derek Joslin 40 1 2 2
Last Minutes Offensive
Center Left Wing Right Wing Defense Defense
Dean McAmmond Michal Grosek Brad Chartrand Brendan Witt Mike Van Ryn
Last Minutes Defensive
Center Left Wing Right Wing Defense Defense
Dean McAmmond Michal Grosek Brad Chartrand Brendan Witt Mike Van Ryn
Goaltenders
Starting : Thomas Greiss
Backup : James Reimer
Extra Forwards
Normal : Wayne Simmonds, Jim Slater, Pat Dwyer - PP : Wayne Simmonds, Jim Slater - PK : Pat Dwyer
Extra Defensemen
Normal : Ian Cole, Denis Bodrov, Tomas Kudelka - PP : Ian Cole - PK : Denis Bodrov, Tomas Kudelka
Penalty Shots
Michal Grosek, Dean McAmmond, Brad Chartrand, Brandon Yip, Kyle Brodziak
National
5 vs 5 Forward
Center Left Wing Right Wing Time % Phy DF OF
1 Ben Maxwell Pasi Salonen Jonathan Cheechoo 40 1 2 2
2 Philip DeSimone Rico Fata Guillaume Desbiens 30 1 2 2
3 Peter Leblanc Maksim Mayorov Igor Makarov 20 1 2 2
4 Pasi Salonen Rico Fata James Marcou 10 1 2 2
5 vs 5 Defense
Defense Defense Time % Phy DF OF
1 Jan Hejda William Colbert 40 1 2 2
2 Mathieu Carle Dustin Kohn 30 1 2 2
3 Ty Wishart Erik Gustafsson 20 1 2 2
4 Daniel Rahimi Yuri Alexandrov 10 1 2 2
PowerPlay Forward
Center Left Wing Right Wing Time % Phy DF OF
1 Ben Maxwell Pasi Salonen Jonathan Cheechoo 60 1 2 2
2 Philip DeSimone Rico Fata Guillaume Desbiens 40 1 2 2
PowerPlay Defense
Defense Defense Time % Phy DF OF
1 Jan Hejda William Colbert 60 1 2 2
2 Mathieu Carle Dustin Kohn 40 1 2 2
Penalty Kill 4 Players Forward
Center Wing Time % Phy DF OF
1 Pasi Salonen Rico Fata 60 1 2 2
2 Jonathan Cheechoo Guillaume Desbiens 40 1 2 2
Penalty Kill 4 Players Defense
Defense Defense Time % Phy DF OF
1 Jan Hejda William Colbert 60 1 2 2
2 Mathieu Carle Dustin Kohn 40 1 2 2
Penalty Kill - 3 Players Forward
Forward Time % Phy DF OF
1 Pasi Salonen 60 1 2 2
2 Rico Fata 40 1 2 2
Penalty Kill - 3 Players Defense
Defense Defense Time % Phy DF OF
1 Jan Hejda William Colbert 60 1 2 2
2 Mathieu Carle Dustin Kohn 40 1 2 2
4 vs 4 Forward
Center Wing Time % Phy DF OF
1 Pasi Salonen Rico Fata 60 1 2 2
2 Jonathan Cheechoo Guillaume Desbiens 40 1 2 2
4 vs 4 Defense
Defense Defense Time % Phy DF OF
1 Jan Hejda William Colbert 60 1 2 2
2 Mathieu Carle Dustin Kohn 40 1 2 2
Last Minutes Offensive
Center Left Wing Right Wing Defense Defense
Ben Maxwell Pasi Salonen Jonathan Cheechoo Jan Hejda William Colbert
Last Minutes Defensive
Center Left Wing Right Wing Defense Defense
Ben Maxwell Pasi Salonen Jonathan Cheechoo Jan Hejda William Colbert
Goaltenders
Starting : Steve Shields
Backup : Jeff Frazee
Extra Forwards
Normal : Igor Makarov, James Marcou, Peter Leblanc - PP : Igor Makarov, James Marcou - PK : Peter Leblanc
Extra Defensemen
Normal : Ty Wishart, Erik Gustafsson, Daniel Rahimi - PP : Ty Wishart - PK : Erik Gustafsson, Daniel Rahimi
Penalty Shots
Pasi Salonen, Rico Fata, Jonathan Cheechoo, Guillaume Desbiens, Igor Makarov
% Time on Ice - Saguenéens
Lines # - Real PCT - Wanted PCT - Time Play
Normal Forward
1 - 33% - 40% - 16:21
2 - 30% - 30% - 14:35
3 - 17% - 20% - 8:22
4 - 20% - 10% - 9:33
Normal Defense
1 - 37% - 40% - 17:51
2 - 32% - 30% - 15:42
3 - 24% - 20% - 11:45
4 - 7% - 10% - 3:33
PP Forward
1 - 54% - 60% - 3:22
2 - 46% - 40% - 2:49
PP Defense
1 - 57% - 60% - 3:31
2 - 43% - 40% - 2:40
PK Forward
1 - 74% - 60% - 1:52
2 - 26% - 40% - 0:39
PK Defense
1 - 69% - 60% - 1:44
2 - 31% - 40% - 0:47
PK3 Forward
1 - 0% - 60%
2 - 0% - 40%
PK3 Defense
1 - 0% - 60%
2 - 0% - 40%
44 Forward
1 - 80% - 60% - 1:35
2 - 20% - 40% - 0:24
44 Defense
1 - 76% - 60% - 1:30
2 - 24% - 40% - 0:29
Last Minute Offensive - 0:28
Last Minute Defensive - 0:00
Total
Forward - 60:00
Defense - 60:00
|
% Time on Ice - National
Lines # - Real PCT - Wanted PCT - Time Play
Normal Forward
1 - 34% - 40% - 16:39
2 - 34% - 30% - 16:41
3 - 26% - 20% - 12:37
4 - 6% - 10% - 2:59
Normal Defense
1 - 37% - 40% - 17:55
2 - 26% - 30% - 12:49
3 - 26% - 20% - 12:46
4 - 11% - 10% - 5:26
PP Forward
1 - 92% - 60% - 2:19
2 - 8% - 40% - 0:12
PP Defense
1 - 59% - 60% - 1:29
2 - 41% - 40% - 1:02
PK Forward
1 - 73% - 60% - 4:32
2 - 27% - 40% - 1:39
PK Defense
1 - 56% - 60% - 3:27
2 - 44% - 40% - 2:44
PK3 Forward
1 - 0% - 60%
2 - 0% - 40%
PK3 Defense
1 - 0% - 60%
2 - 0% - 40%
44 Forward
1 - 71% - 60% - 1:25
2 - 29% - 40% - 0:34
44 Defense
1 - 71% - 60% - 1:24
2 - 29% - 40% - 0:35
Last Minute Offensive - 0:00
Last Minute Defensive - 0:23
Total
Forward - 60:00
Defense - 60:00
|
Play by Play
1st period
0:01 of 1st period - Dean McAmmond wins face-off versus Ben Maxwell in neutral zone.
0:04 of 1st period - Slapshot by Michal Grosek.
0:04 of 1st period - Stopped by Steve Shields without a rebound.
0:05 of 1st period - Dean McAmmond wins face-off versus Ben Maxwell in National zone.
0:10 of 1st period - Snap shot by Michal Grosek.
0:10 of 1st period - Shot Blocked by Jan Hejda.
0:12 of 1st period - Slapshot by Mike Van Ryn.
0:12 of 1st period - Deflect By Michal Grosek.
0:12 of 1st period - Shot Misses the Net.
0:12 of 1st period - Puck is out of play.
0:13 of 1st period - Kyle Brodziak wins face-off versus Philip DeSimone in National zone.
0:18 of 1st period - Backhand shot by Brandon Yip.
0:18 of 1st period - Shot Blocked by Guillaume Desbiens.
0:20 of 1st period - Slapshot by Derek Joslin.
0:20 of 1st period - Stopped by Steve Shields without a rebound.
0:21 of 1st period - Kyle Brodziak wins face-off versus Philip DeSimone in National zone.
0:24 of 1st period - Snap shot by Brandon Yip.
0:24 of 1st period - Deflect By Kyle Brodziak.
0:24 of 1st period - Shot Misses the Net.
0:24 of 1st period - Puck is out of play.
0:25 of 1st period - Igor Makarov wins face-off versus Jim Slater in National zone.
0:47 of 1st period - Minor Penalty to Michal Grosek for Cross-checking.
0:48 of 1st period - Pat Dwyer wins face-off versus Ben Maxwell in Saguenéens zone.
0:59 of 1st period - Slapshot by Jan Hejda.
0:59 of 1st period - Shot Misses the Net.
1:01 of 1st period - Slapshot by William Colbert.
1:01 of 1st period - Shot Misses the Net.
1:29 of 1st period - Snap shot by Jonathan Cheechoo.
1:29 of 1st period - Shot Blocked by Henrik Tallinder.
1:33 of 1st period - Wrist shot by Jonathan Cheechoo.
1:33 of 1st period - Shot Blocked by Henrik Tallinder.
1:47 of 1st period - Pasi Salonen is hit by Brandon Yip and loses puck.
1:54 of 1st period - Slapshot by Jan Hejda.
1:54 of 1st period - Shot Blocked by Brad Chartrand.
2:23 of 1st period - Snap shot by Jonathan Cheechoo.
2:23 of 1st period - Shot Misses the Net.
2:33 of 1st period - Mike Van Ryn is hit by Dustin Kohn and loses puck.
2:44 of 1st period - Derek Joslin is hit by Pasi Salonen.
2:47 of 1st period - Penalty to Michal Grosek is over, Michal Grosek is back on ice.
3:08 of 1st period - Wrist shot by Jonathan Cheechoo.
3:08 of 1st period - Shot Blocked by Ian Cole.
3:10 of 1st period - Slapshot by Mathieu Carle.
3:10 of 1st period - Stopped by Thomas Greiss without a rebound.
3:11 of 1st period - Dean McAmmond wins face-off versus Philip DeSimone in Saguenéens zone.
3:36 of 1st period - Henrik Tallinder is hit by Maksim Mayorov and loses puck.
4:18 of 1st period - Kyle Brodziak is hit by Maksim Mayorov and loses puck.
5:18 of 1st period - Wrist shot by Pat Dwyer.
5:18 of 1st period - Shot Misses the Net.
5:46 of 1st period - Jan Hejda is hit by Tomas Kudelka and loses puck.
5:53 of 1st period - Snap shot by Brandon Yip.
5:53 of 1st period - Stopped by Steve Shields with a rebound.
6:15 of 1st period - Snap shot by Brad Chartrand.
6:15 of 1st period - Shot Blocked by William Colbert.
6:30 of 1st period - Icing by Mike Santorelli.
6:31 of 1st period - Jim Slater wins face-off versus Dustin Kohn in Saguenéens zone.
6:36 of 1st period - Slapshot by Henrik Tallinder.
6:36 of 1st period - Deflect By Wayne Simmonds.
6:36 of 1st period - Stopped by Steve Shields with a rebound.
6:38 of 1st period - Slapshot by Derek Joslin.
6:38 of 1st period - Deflect By Rico Fata.
6:38 of 1st period - Stopped by Steve Shields without a rebound.
6:39 of 1st period - Dean McAmmond wins face-off versus Philip DeSimone in National zone.
6:42 of 1st period - Snap shot by Brad Chartrand.
6:42 of 1st period - Stopped by Steve Shields without a rebound.
6:43 of 1st period - Dean McAmmond wins face-off versus Philip DeSimone in National zone.
7:14 of 1st period - Wrist shot by Pasi Salonen.
7:14 of 1st period - Stopped by Thomas Greiss with a rebound.
7:16 of 1st period - Wrist shot by Ben Maxwell.
7:16 of 1st period - Stopped by Thomas Greiss without a rebound.
7:17 of 1st period - Dean McAmmond wins face-off versus Ben Maxwell in Saguenéens zone.
7:17 of 1st period - Minor Penalty to Dustin Kohn for Hooking.
7:18 of 1st period - Pasi Salonen wins face-off versus Dean McAmmond in National zone.
7:50 of 1st period - Rico Fata is hit by Kyle Brodziak and loses puck.
8:13 of 1st period - Mathieu Carle is hit by Derek Joslin and loses puck.
9:17 of 1st period - Penalty to Dustin Kohn is over, Dustin Kohn is back on ice.
12:24 of 1st period - Slapshot by Brendan Witt.
12:24 of 1st period - Stopped by Steve Shields with a rebound.
12:26 of 1st period - Snap shot by Mike Santorelli.
12:26 of 1st period - Deflect By Pat Dwyer.
12:26 of 1st period - Shot Misses the Net.
12:26 of 1st period - Puck is out of play.
12:27 of 1st period - Mike Santorelli wins face-off versus Ben Maxwell in National zone.
12:28 of 1st period - Wrist shot by Pat Dwyer.
12:28 of 1st period - Shot Blocked by Mathieu Carle.
12:50 of 1st period - Brad Chartrand is hit by Guillaume Desbiens and loses puck.
13:13 of 1st period - Jim Slater is hit by Ty Wishart and loses puck.
13:32 of 1st period - Backhand shot by Brandon Yip.
13:32 of 1st period - Shot Misses the Net.
13:34 of 1st period - Wrist shot by Kyle Brodziak.
13:34 of 1st period - Shot Misses the Net.
13:38 of 1st period - Wrist shot by Brandon Yip.
13:38 of 1st period - Shot Misses the Net.
13:40 of 1st period - Wrist shot by Brandon Yip.
13:40 of 1st period - Shot Misses the Net.
13:42 of 1st period - Slapshot by Johannes Salmonsson.
13:42 of 1st period - Stopped by Steve Shields without a rebound.
13:43 of 1st period - Philip DeSimone wins face-off versus Dean McAmmond in National zone.
14:08 of 1st period - Peter Leblanc is hit by Brandon Yip.
14:41 of 1st period - Snap shot by Dwight King.
14:41 of 1st period - Shot Misses the Net.
15:25 of 1st period - Snap shot by Brendan Witt.
15:25 of 1st period - Shot Blocked by Pasi Salonen.
16:00 of 1st period - Igor Makarov is hit by Pat Dwyer and loses puck.
16:17 of 1st period - Snap shot by Dean McAmmond.
16:17 of 1st period - Shot Misses the Net.
16:31 of 1st period - Yuri Alexandrov is hit by Jim Slater and loses puck.
16:38 of 1st period - Jonathan Cheechoo is hit by Brendan Witt and loses puck.
17:06 of 1st period - Peter Leblanc is hit by Mike Santorelli and loses puck.
17:57 of 1st period - Wrist shot by Brad Chartrand.
17:57 of 1st period - Goal by Brad Chartrand - Saguenéens : 1 - National : 0.
17:58 of 1st period - Dean McAmmond wins face-off versus Ben Maxwell in neutral zone.
18:28 of 1st period - Wrist shot by Guillaume Desbiens.
18:28 of 1st period - Shot Blocked by Johannes Salmonsson.
18:28 of 1st period - Johannes Salmonsson from Saguenéens is injured at 18:28 of 1st period (Right Leg).
18:29 of 1st period - Ben Maxwell wins face-off versus Dean McAmmond in Saguenéens zone.
18:57 of 1st period - Snap shot by Jan Hejda.
18:57 of 1st period - Shot Misses the Net.
19:03 of 1st period - Brandon Yip is hit by Guillaume Desbiens and loses puck.
19:25 of 1st period - Wrist shot by Pat Dwyer.
19:25 of 1st period - Stopped by Steve Shields with a rebound.
19:41 of 1st period - Dean McAmmond is hit by Pasi Salonen and loses puck.
19:46 of 1st period - Snap shot by Rico Fata.
19:46 of 1st period - Stopped by Thomas Greiss with a rebound.
2nd period
0:01 of 2nd period - Ben Maxwell wins face-off versus Dean McAmmond in neutral zone.
0:28 of 2nd period - Snap shot by Rico Fata.
0:28 of 2nd period - Stopped by Thomas Greiss without a rebound.
0:29 of 2nd period - Philip DeSimone wins face-off versus Kyle Brodziak in Saguenéens zone.
0:36 of 2nd period - Snap shot by Brandon Yip.
0:36 of 2nd period - Shot Blocked by Rico Fata.
1:03 of 2nd period - Wrist shot by Rico Fata.
1:03 of 2nd period - Shot Blocked by Derek Joslin.
1:05 of 2nd period - Snap shot by Guillaume Desbiens.
1:05 of 2nd period - Stopped by Thomas Greiss with a rebound.
1:07 of 2nd period - Snap shot by Rico Fata.
1:07 of 2nd period - Shot Blocked by Wayne Simmonds.
1:09 of 2nd period - Snap shot by Philip DeSimone.
1:09 of 2nd period - Shot Misses the Net.
1:13 of 2nd period - Slapshot by Guillaume Desbiens.
1:13 of 2nd period - Shot Blocked by Derek Joslin.
1:15 of 2nd period - Wrist shot by Rico Fata.
1:15 of 2nd period - Stopped by Thomas Greiss without a rebound.
1:16 of 2nd period - Dean McAmmond wins face-off versus Ben Maxwell in Saguenéens zone.
1:31 of 2nd period - Snap shot by Michal Grosek.
1:31 of 2nd period - Stopped by Steve Shields without a rebound.
1:32 of 2nd period - Dean McAmmond wins face-off versus Ben Maxwell in National zone.
1:33 of 2nd period - Slapshot by Michal Grosek.
1:33 of 2nd period - Stopped by Steve Shields with a rebound.
1:44 of 2nd period - Minor Penalty to Ben Maxwell for Tripping.
1:45 of 2nd period - Pasi Salonen wins face-off versus Dean McAmmond in National zone.
1:56 of 2nd period - Slapshot by Michal Grosek.
1:56 of 2nd period - Stopped by Steve Shields with a rebound.
1:58 of 2nd period - Snap shot by Dean McAmmond.
1:58 of 2nd period - Deflect By Brad Chartrand.
1:58 of 2nd period - Stopped by Steve Shields with a rebound.
2:00 of 2nd period - Snap shot by Mike Van Ryn.
2:00 of 2nd period - Stopped by Steve Shields with a rebound.
2:10 of 2nd period - Pasi Salonen is hit by Brendan Witt and loses puck.
3:31 of 2nd period - Wayne Simmonds is hit by Jonathan Cheechoo and loses puck.
3:44 of 2nd period - Penalty to Ben Maxwell is over, Ben Maxwell is back on ice.
3:59 of 2nd period - Snap shot by Pat Dwyer.
3:59 of 2nd period - Stopped by Steve Shields with a rebound.
5:45 of 2nd period - Michal Grosek is hit by Maksim Mayorov and loses puck.
7:04 of 2nd period - William Colbert is hit by Brandon Yip and loses puck.
7:35 of 2nd period - Dustin Kohn is hit by Dean McAmmond and loses puck.
8:55 of 2nd period - Icing by Wayne Simmonds.
8:56 of 2nd period - Philip DeSimone wins face-off versus Jim Slater in Saguenéens zone.
9:11 of 2nd period - Rico Fata is hit by Dwight King and loses puck.
9:34 of 2nd period - Peter Leblanc is hit by Brandon Yip and loses puck.
9:58 of 2nd period - Jan Hejda is hit by Derek Joslin and loses puck.
10:23 of 2nd period - Slapshot by Jim Slater.
10:23 of 2nd period - Shot Misses the Net.
10:38 of 2nd period - Icing by Maksim Mayorov.
10:39 of 2nd period - Kyle Brodziak wins face-off versus Peter Leblanc in National zone.
10:52 of 2nd period - Snap shot by Rico Fata.
10:52 of 2nd period - Shot Blocked by Mike Van Ryn.
11:25 of 2nd period - Brendan Witt is hit by Maksim Mayorov and loses puck.
12:24 of 2nd period - Derek Joslin is hit by Guillaume Desbiens.
12:58 of 2nd period - Maksim Mayorov is hit by Mike Santorelli and loses puck.
13:15 of 2nd period - Slapshot by Michal Grosek.
13:15 of 2nd period - Shot Misses the Net.
13:31 of 2nd period - Wrist shot by Mathieu Carle.
13:31 of 2nd period - Stopped by Thomas Greiss with a rebound.
13:46 of 2nd period - Slapshot by Jan Hejda.
13:46 of 2nd period - Shot Misses the Net.
13:56 of 2nd period - Wrist shot by Brad Chartrand.
13:56 of 2nd period - Stopped by Steve Shields with a rebound.
15:27 of 2nd period - Snap shot by Jim Slater.
15:27 of 2nd period - Stopped by Steve Shields with a rebound.
16:06 of 2nd period - Igor Makarov is hit by Brandon Yip and loses puck.
16:19 of 2nd period - Jan Hejda is hit by Michal Grosek.
16:33 of 2nd period - Snap shot by Dwight King.
16:33 of 2nd period - Stopped by Steve Shields without a rebound.
16:34 of 2nd period - Peter Leblanc wins face-off versus Mike Santorelli in National zone.
16:34 of 2nd period - Peter Leblanc is hit by Mike Santorelli.
16:52 of 2nd period - Snap shot by Rico Fata.
16:52 of 2nd period - Shot Misses the Net.
17:15 of 2nd period - Wrist shot by Pat Dwyer.
17:15 of 2nd period - Stopped by Steve Shields with a rebound.
17:17 of 2nd period - Snap shot by Mike Santorelli.
17:17 of 2nd period - Stopped by Steve Shields with a rebound.
17:19 of 2nd period - Slapshot by Derek Joslin.
17:19 of 2nd period - Shot Misses the Net.
17:21 of 2nd period - Wrist shot by Pat Dwyer.
17:21 of 2nd period - Shot Misses the Net.
17:23 of 2nd period - Slapshot by Derek Joslin.
17:23 of 2nd period - Deflect By Dwight King.
17:23 of 2nd period - Stopped by Steve Shields with a rebound.
17:25 of 2nd period - Wrist shot by Dwight King.
17:25 of 2nd period - Stopped by Steve Shields without a rebound.
17:26 of 2nd period - Jonathan Cheechoo wins face-off versus Dean McAmmond in National zone.
17:26 of 2nd period - Jonathan Cheechoo is hit by Mike Van Ryn.
17:36 of 2nd period - Slapshot by Jan Hejda.
17:36 of 2nd period - Shot Misses the Net.
17:38 of 2nd period - Slapshot by William Colbert.
17:38 of 2nd period - Stopped by Thomas Greiss with a rebound.
17:42 of 2nd period - Wrist shot by Jan Hejda.
17:42 of 2nd period - Shot Blocked by Mike Van Ryn.
17:52 of 2nd period - Jan Hejda is hit by Brendan Witt and loses puck.
18:57 of 2nd period - Icing by Dean McAmmond.
18:58 of 2nd period - Jim Slater wins face-off versus Ben Maxwell in Saguenéens zone.
18:58 of 2nd period - Minor Penalty to Pasi Salonen for Hooking.
18:59 of 2nd period - Peter Leblanc wins face-off versus Dean McAmmond in National zone.
19:10 of 2nd period - Snap shot by Brad Chartrand.
19:10 of 2nd period - Shot Blocked by Rico Fata.
19:12 of 2nd period - Wrist shot by Dean McAmmond.
19:12 of 2nd period - Goal by Dean McAmmond - Saguenéens : 2 - National : 0.
19:13 of 2nd period - Ben Maxwell wins face-off versus Dean McAmmond in neutral zone.
19:38 of 2nd period - Philip DeSimone is hit by Wayne Simmonds and loses puck.
3rd period
0:01 of 3rd period - Dean McAmmond wins face-off versus Ben Maxwell in neutral zone.
0:25 of 3rd period - Wayne Simmonds is hit by William Colbert and loses puck.
0:34 of 3rd period - Snap shot by Rico Fata.
0:34 of 3rd period - Shot Misses the Net.
0:36 of 3rd period - Slapshot by Dustin Kohn.
0:36 of 3rd period - Shot Blocked by Kyle Brodziak.
0:38 of 3rd period - Wrist shot by Guillaume Desbiens.
0:38 of 3rd period - Goal by Guillaume Desbiens - Saguenéens : 2 - National : 1.
0:39 of 3rd period - Dean McAmmond wins face-off versus Ben Maxwell in neutral zone.
1:39 of 3rd period - Icing by William Colbert.
1:40 of 3rd period - Philip DeSimone wins face-off versus Dean McAmmond in National zone.
1:49 of 3rd period - Snap shot by Dean McAmmond.
1:49 of 3rd period - Shot Blocked by Jan Hejda.
1:51 of 3rd period - Slapshot by Dean McAmmond.
1:51 of 3rd period - Deflect By Brad Chartrand.
1:51 of 3rd period - Shot Blocked by Rico Fata.
1:51 of 3rd period - Puck is out of play.
1:52 of 3rd period - Ben Maxwell wins face-off versus Dean McAmmond in National zone.
1:57 of 3rd period - Snap shot by Ben Maxwell.
1:57 of 3rd period - Shot Misses the Net.
2:05 of 3rd period - Slapshot by Mathieu Carle.
2:05 of 3rd period - Deflect By Brad Chartrand.
2:05 of 3rd period - Stopped by Thomas Greiss without a rebound.
2:06 of 3rd period - Ben Maxwell wins face-off versus Dean McAmmond in Saguenéens zone.
2:23 of 3rd period - Dustin Kohn is hit by Dean McAmmond and loses puck.
2:46 of 3rd period - Snap shot by Brandon Yip.
2:46 of 3rd period - Stopped by Steve Shields without a rebound.
2:47 of 3rd period - Dean McAmmond wins face-off versus Philip DeSimone in National zone.
3:40 of 3rd period - Minor Penalty to James Marcou for Goalie Interference.
3:41 of 3rd period - Pasi Salonen wins face-off versus Dean McAmmond in National zone.
3:41 of 3rd period - Pasi Salonen is hit by Michal Grosek.
3:51 of 3rd period - Backhand shot by Brendan Witt.
3:51 of 3rd period - Shot Misses the Net.
3:53 of 3rd period - Slapshot by Brendan Witt.
3:53 of 3rd period - Saguenéens goal is going for a video replay.
3:53 of 3rd period - The goal is refused. The attacking player has interfered with a goalkeeper in his goal crease..
3:54 of 3rd period - Dean McAmmond wins face-off versus Pasi Salonen in National zone.
4:32 of 3rd period - Slapshot by Brendan Witt.
4:32 of 3rd period - Shot Blocked by Mathieu Carle.
5:14 of 3rd period - Jan Hejda is hit by Wayne Simmonds and loses puck.
5:40 of 3rd period - Penalty to James Marcou is over, James Marcou is back on ice.
6:01 of 3rd period - Snap shot by Dustin Kohn.
6:01 of 3rd period - Stopped by Thomas Greiss without a rebound.
6:02 of 3rd period - Ben Maxwell wins face-off versus Jim Slater in Saguenéens zone.
6:03 of 3rd period - Backhand shot by Pasi Salonen.
6:03 of 3rd period - Shot Misses the Net.
6:05 of 3rd period - Snap shot by Ben Maxwell.
6:05 of 3rd period - Shot Misses the Net.
6:07 of 3rd period - Wrist shot by Pasi Salonen.
6:07 of 3rd period - Shot Misses the Net.
6:09 of 3rd period - Snap shot by Jonathan Cheechoo.
6:09 of 3rd period - Shot Blocked by Wayne Simmonds.
6:11 of 3rd period - Snap shot by Ben Maxwell.
6:11 of 3rd period - Shot Blocked by Jim Slater.
6:13 of 3rd period - Snap shot by Jonathan Cheechoo.
6:13 of 3rd period - Shot Blocked by Ian Cole.
6:25 of 3rd period - Erik Gustafsson is hit by Pat Dwyer and loses puck.
6:32 of 3rd period - Snap shot by Dwight King.
6:32 of 3rd period - Stopped by Steve Shields with a rebound.
6:34 of 3rd period - Snap shot by Dwight King.
6:34 of 3rd period - Shot Misses the Net.
7:04 of 3rd period - Ty Wishart is hit by Kyle Brodziak and loses puck.
7:23 of 3rd period - Snap shot by Jim Slater.
7:23 of 3rd period - Shot Misses the Net.
7:25 of 3rd period - Snap shot by Andrew Kozek.
7:25 of 3rd period - Stopped by Steve Shields without a rebound.
7:26 of 3rd period - Philip DeSimone wins face-off versus Jim Slater in National zone.
7:33 of 3rd period - Snap shot by Jim Slater.
7:33 of 3rd period - Shot Misses the Net.
7:35 of 3rd period - Wrist shot by Wayne Simmonds.
7:35 of 3rd period - Stopped by Steve Shields without a rebound.
7:36 of 3rd period - Dean McAmmond wins face-off versus Ben Maxwell in National zone.
7:37 of 3rd period - Slapshot by Michal Grosek.
7:37 of 3rd period - Stopped by Steve Shields without a rebound.
7:38 of 3rd period - Dean McAmmond wins face-off versus Ben Maxwell in National zone.
7:39 of 3rd period - Snap shot by Brad Chartrand.
7:39 of 3rd period - Stopped by Steve Shields with a rebound.
7:46 of 3rd period - Off-side.
7:47 of 3rd period - Dean McAmmond wins face-off versus Ben Maxwell in neutral zone.
8:01 of 3rd period - Snap shot by Jonathan Cheechoo.
8:01 of 3rd period - Shot Misses the Net.
8:39 of 3rd period - Snap shot by Dwight King.
8:39 of 3rd period - Stopped by Steve Shields without a rebound.
8:40 of 3rd period - Ben Maxwell wins face-off versus Dean McAmmond in National zone.
8:47 of 3rd period - Wrist shot by Dustin Kohn.
8:47 of 3rd period - Shot Blocked by Henrik Tallinder.
9:57 of 3rd period - Ben Maxwell is hit by Brad Chartrand and loses puck.
11:48 of 3rd period - Wrist shot by Jan Hejda.
11:48 of 3rd period - Goal by Jan Hejda - Saguenéens : 2 - National : 2.
11:49 of 3rd period - Dean McAmmond wins face-off versus Philip DeSimone in neutral zone.
11:55 of 3rd period - Minor Penalty to Philip DeSimone for Holding.
11:55 of 3rd period - Minor Penalty to Brendan Witt for Charging.
11:56 of 3rd period - Pasi Salonen wins face-off versus Michal Grosek in National zone.
12:05 of 3rd period - Wrist shot by Rico Fata.
12:05 of 3rd period - Shot Misses the Net.
12:07 of 3rd period - Slapshot by Jan Hejda.
12:07 of 3rd period - Deflect By Rico Fata.
12:07 of 3rd period - Goal by Rico Fata - Saguenéens : 2 - National : 3.
12:08 of 3rd period - Pasi Salonen wins face-off versus Michal Grosek in neutral zone.
12:18 of 3rd period - Slapshot by Michal Grosek.
12:18 of 3rd period - Shot Blocked by Jan Hejda.
13:46 of 3rd period - Off-side.
13:47 of 3rd period - Pat Dwyer wins face-off versus Jonathan Cheechoo in neutral zone.
13:55 of 3rd period - Penalty to Philip DeSimone is over, Philip DeSimone is back on ice.
13:55 of 3rd period - Penalty to Brendan Witt is over, Brendan Witt is back on ice.
14:07 of 3rd period - Wrist shot by Pat Dwyer.
14:07 of 3rd period - Shot Blocked by Dustin Kohn.
14:09 of 3rd period - Wrist shot by Brendan Witt.
14:09 of 3rd period - Shot Misses the Net.
14:11 of 3rd period - Snap shot by Pat Dwyer.
14:11 of 3rd period - Stopped by Steve Shields with a rebound.
14:13 of 3rd period - Snap shot by Pat Dwyer.
14:13 of 3rd period - Stopped by Steve Shields without a rebound.
14:14 of 3rd period - Dean McAmmond wins face-off versus Peter Leblanc in National zone.
14:15 of 3rd period - Snap shot by Michal Grosek.
14:15 of 3rd period - Shot Misses the Net.
14:27 of 3rd period - Snap shot by Igor Makarov.
14:27 of 3rd period - Shot Misses the Net.
14:59 of 3rd period - Icing by Philip DeSimone.
15:00 of 3rd period - Philip DeSimone wins face-off versus Mike Santorelli in National zone.
15:11 of 3rd period - Snap shot by Guillaume Desbiens.
15:11 of 3rd period - Shot Blocked by Dwight King.
15:13 of 3rd period - Snap shot by Rico Fata.
15:13 of 3rd period - Shot Blocked by Mike Santorelli.
15:15 of 3rd period - Wrist shot by Philip DeSimone.
15:15 of 3rd period - Stopped by Thomas Greiss without a rebound.
15:16 of 3rd period - Ben Maxwell wins face-off versus Jim Slater in Saguenéens zone.
15:17 of 3rd period - Snap shot by Pasi Salonen.
15:17 of 3rd period - Stopped by Thomas Greiss without a rebound.
15:18 of 3rd period - Jim Slater wins face-off versus Ben Maxwell in Saguenéens zone.
15:25 of 3rd period - Snap shot by Brendan Witt.
15:25 of 3rd period - Stopped by Steve Shields with a rebound.
16:07 of 3rd period - Mathieu Carle is hit by Kyle Brodziak and loses puck.
16:41 of 3rd period - Off-side.
16:42 of 3rd period - Ben Maxwell wins face-off versus Kyle Brodziak in neutral zone.
17:07 of 3rd period - Wrist shot by Jonathan Cheechoo.
17:07 of 3rd period - Stopped by Thomas Greiss with a rebound.
17:37 of 3rd period - Backhand shot by Peter Leblanc.
17:37 of 3rd period - Stopped by Thomas Greiss with a rebound.
18:05 of 3rd period - Snap shot by Guillaume Desbiens.
18:05 of 3rd period - Shot Blocked by Brad Chartrand.
18:07 of 3rd period - Slapshot by Ty Wishart.
18:07 of 3rd period - Shot Blocked by Derek Joslin.
19:00 of 3rd period - Saguenéens, Thomas Greiss is pulled from the net.
19:02 of 3rd period - Wrist shot by Brad Chartrand.
19:02 of 3rd period - Stopped by Steve Shields without a rebound.
19:03 of 3rd period - Benoit Groulx call a timeout for Saguenéens.
19:03 of 3rd period - Ben Maxwell wins face-off versus Brad Chartrand in National zone.
19:12 of 3rd period - Slapshot by Jan Hejda.
19:12 of 3rd period - Goal by Jan Hejda - Saguenéens : 2 - National : 4.
19:12 of 3rd period - Thomas Greiss from Saguenéens was sent back in the game.
19:13 of 3rd period - Pasi Salonen wins face-off versus Jim Slater in neutral zone.
19:27 of 3rd period - Minor Penalty to Wayne Simmonds for Goalie Interference.
19:28 of 3rd period - Michal Grosek wins face-off versus Ben Maxwell in Saguenéens zone.
19:28 of 3rd period - Michal Grosek is hit by Ben Maxwell.
19:40 of 3rd period - Backhand shot by Pasi Salonen.
19:40 of 3rd period - Shot Misses the Net.
19:54 of 3rd period - Brendan Witt is hit by William Colbert and loses puck.
Output by the SimonT Hockey Simulator (STHS) for François Prévost -- Original Page W3C XHTML 1.0 Valid